 Dungeon Crawl Stone Soup version 0.22-a0-567-gff9aefc (webtiles) character file.

10519 Hebeh the Cleaver (level 11, 0/101 HPs)
             Began as a Minotaur Fighter on June 29, 2018.
             Was a Priest of Trog.
             Slain by a slime creature (13 damage)
             ... on level 11 of the Dungeon.
             The game lasted 00:36:51 (11183 turns).

Hebeh the Cleaver (Minotaur Fighter)               Turns: 11183, Time: 00:36:52

Health: 0/101      AC: 17    Str: 23    XL:     11   Next: 37%
Magic:  10/10      EV:  6    Int:  5    God:    Trog [***...]
Gold:   820        SH: 13    Dex: 11    Spells: 10/10 levels left

rFire    . . .     SeeInvis +   J - +6 whip "Gimaxam" {flame, SInv}
rCold    . . .     Gourm    +   c - +1 shield
rNeg     . . .     Faith    .   o - +0 plate armour
rPois    +         Spirit   .   (helmet restricted)
rElec    .         Reflect  .   e - +1 cloak
rCorr    +         Harm     .   (no gloves)
MR       .....                  (no boots)
Stlth    ..........             h - amulet of the gourmand
HPRegen  0.26/turn              u - ring of resist corrosion
MPRegen  0.12/turn              y - ring of poison resistance

@: no status effects
A: retaliatory headbutt, horns 2
a: Berserk, Trog's Hand, Renounce Religion


You were on level 11 of the Dungeon.
You worshipped Trog.
Trog was most pleased with you.
You were full.

You visited 3 branches of the dungeon, and saw 13 of its levels.
You also visited: Sewer.

You collected 820 gold pieces.

Inventory:

Hand Weapons
 a - a +1 war axe
 x - the +2 mace "Sool" {elec, rF+ Int+2 Stlth+}
   (You found it on level 4 of the Dungeon)

   Occasionally, upon striking a foe, it will discharge some electrical energy
   and cause terrible harm.
   It affects your intelligence (+2).
   It protects you from fire.
   It makes you more stealthy.
 z - a +1 hand axe of flaming
 J - the +6 whip "Gimaxam" (weapon) {flame, SInv}
   (You found it on level 10 of the Dungeon)

   It has been specially enchanted to burn those struck by it, causing extra
   injury to most foes and up to half again as much damage against particularly
   susceptible opponents.
   It lets you see invisible.
Armour
 c - a +1 shield (worn)
 e - a +1 cloak (worn)
 o - a +0 plate armour (worn)
Jewellery
 b - a +3 ring of strength {unknown}
 h - an amulet of the gourmand (around neck)
 u - a ring of resist corrosion (left hand)
 y - a ring of poison resistance (right hand)
Wands
 r - a wand of flame (61)
 E - a wand of disintegration (9)
Scrolls
 g - a scroll of identify
 i - a scroll of remove curse
 j - 6 scrolls of teleportation
 p - 4 scrolls of fear
 t - 5 scrolls of magic mapping
 A - 4 scrolls of blinking
 B - a scroll of random uselessness
 F - a scroll of immolation
 H - a scroll of vulnerability {unknown}
Potions
 d - 2 potions of might
 k - 2 potions of resistance
 l - 6 potions of curing
 m - 2 potions of magic {unknown}
 n - 2 potions of haste {unknown}
 q - a potion of flight {unknown}
 s - a potion of brilliance {unknown}
 v - 2 potions of agility
 w - 2 potions of heal wounds {unknown}
 D - 2 potions of cancellation {unknown}
 G - a potion of berserk rage {unknown}
Comestibles
 f - 17 rations


   Skills:
 + Level 10.3 Fighting
 * Level 13.4 Axes
 + Level 10.3 Armour
 + Level 10.2 Shields


You had 10 spell levels left.
You didn't know any spells.
Your spell library was empty.

Dungeon Overview and Level Annotations

Branches:
Dungeon (11/15)            Temple (1/1) D:5            Lair (1/6) D:8
    Orc (0/2) D:9

Altars:
Dithmenos
Fedhas
Gozag
Hepliaklqana
Kikubaaqudgha
Makhleb
Nemelex Xobeh
Okawaru
Ru
Sif Muna
Trog
Uskayaw
Vehumet
Wu Jian
Zin
The Shining One
Beogh
Jiyva

Shops:
D:8 [(!}   D:9 (

Annotations:
D:11 1 transporter


Innate Abilities, Weirdness & Mutations

You reflexively headbutt those who attack you in melee.
You have a pair of horns on your head.


Message History

You block the slime creature's attack. x2
You whack the slime creature! You burn the slime creature.
The slime creature is moderately wounded.
The slime creature hits you but does no damage.
The slime creature closely misses you. The slime creature hits you!
* * * LOW HITPOINT WARNING * * *
The slime creature hits you but does no damage.
You hit the slime creature but do no damage.
Your headbutt misses the slime creature.
The slime creature is moderately wounded.
You block the slime creature's attack. x2
The slime creature hits you but does no damage.
The slime creature hits you.
* * * LOW HITPOINT WARNING * * *
You whack the slime creature! You burn the slime creature.
The slime creature is severely wounded.
You block the slime creature's attack. The slime creature barely misses you.
The slime creature hits you but does no damage.
The slime creature hits you!
You die...

#### ## ##©###.##
##..#.#..#
$....... ##.:)!.##
#..$_$..#
###.$J|.###
#$...J@J..#
##..#J#J.## ####
###.## #.## #####
#..#######
#......©.#
#.......##
#.#.##..#####
######...........#


You could see 5 slime creatures.

Vanquished Creatures
  Harold (D:10)
  2 two-headed ogres
  An unseen horror (D:10)
  2 gargoyles
  A troll (D:8)
  2 hippogriffs
  A slime creature (D:11)
  Sigmund (D:4)
  A wyvern (D:8)
  8 yaks (D:9)
  Eustachio (D:4)
  A hungry ghost (D:11)
  Purgy (Sewer)
  4 orc warriors
  2 sky beasts
  3 ice beasts
  5 ogres
  A phantom (D:9)
  A black bear (D:9)
  2 centaurs
  3 wolves (D:8)
  Blork the orc (D:4)
  A big kobold (D:11)
  4 bullfrogs
  A wyvern skeleton (D:8)
  5 scorpions
  3 killer bees (D:9)
  4 wights (D:10)
  2 howler monkeys
  An electric eel (D:8)
  6 crimson imps
  A bullfrog zombie (D:6)
  2 centaur zombies
  A jelly (D:5)
  2 bullfrog skeletons
  2 centaur skeletons
  5 hounds
  2 orc priests
  Crazy Yiuf (D:4)
  4 iguanas
  8 orc wizards
  6 worker ants
  3 hound skeletons
  A howler monkey zombie (D:8)
  A worker ant zombie (D:10)
  14 gnolls
  13 adders
  2 shadow imps
  2 adder zombies
  2 adder skeletons
  8 worms
  4 dart slugs
  10 leopard geckos
  41 orcs
  3 ball pythons
  8 giant cockroaches
  7 goblins
  11 hobgoblins
  9 jackals
  21 kobolds
  3 quokkas
  6 bats
  6 frilled lizards
  A jackal skeleton (D:4)
  A quokka skeleton (D:5)
  A quokka zombie (D:8)
  7 rats
  4 fungi (D:4)
  A plant (D:3)
296 creatures vanquished.

Vanquished Creatures (others)
  A worker ant (D:5)
  A ball python (D:5)
2 creatures vanquished.

Grand Total: 298 creatures vanquished

Notes
Turn   | Place    | Note
-------+----------+-------------------------------------------
     0 | D:1      | Hebeh the Minotaur Fighter began the quest for the Orb.
     0 | D:1      | Reached XP level 1. HP: 19/19 MP: 0/0
   148 | D:1      | Reached XP level 2. HP: 27/27 MP: 1/1
   179 | D:1      | Reached skill level 3 in Axes
   407 | D:1      | Reached XP level 3. HP: 33/33 MP: 2/2
  1073 | D:2      | Reached XP level 4. HP: 40/40 MP: 3/3
  1356 | D:2      | Reached skill level 4 in Axes
  1713 | D:3      | Noticed a bullfrog
  1716 | D:3      | Killed a bullfrog
  1716 | D:3      | Reached XP level 5. HP: 47/47 MP: 4/4
  1883 | D:3      | Reached skill level 5 in Axes
  1892 | D:3      | Reached XP level 6. HP: 46/55 MP: 5/5
  2116 | D:3      | Reached skill level 5 in Fighting
  2399 | D:3      | Reached skill level 5 in Shields
  2436 | D:4      | Noticed Blork the orc
  2445 | D:4      | Killed Blork the orc
  2445 | D:4      | Reached skill level 5 in Armour
  2465 | D:4      | Reached skill level 6 in Axes
  2472 | D:4      | Reached XP level 7. HP: 42/61 MP: 6/6
  3158 | D:4      | Reached skill level 7 in Axes
  3162 | D:4      | Noticed Eustachio
  3188 | D:4      | Killed Eustachio
  3248 | D:4      | Noticed Sigmund
  3257 | D:4      | Killed Sigmund
  3257 | D:4      | Reached XP level 8. HP: 28/71 MP: 7/7
  3629 | D:4      | Found a runed door.
  3633 | D:4      | Noticed Crazy Yiuf
  3636 | D:4      | Killed Crazy Yiuf
  3641 | D:4      | Got a slimy mace
  3644 | D:4      | Identified the +2 mace "Sool" {elec, rF+ Int+2 Stlth+} (You found it on level 4 of the Dungeon)
  3679 | D:5      | Entered Level 5 of the Dungeon
  3690 | D:5      | Reached skill level 8 in Axes
  4192 | D:5      | Found a glowing drain.
  4196 | Sewer    | Entered a sewer
  4282 | Sewer    | Noticed Purgy
  4285 | Sewer    | Killed Purgy
  4512 | D:5      | Found a staircase to the Ecumenical Temple.
  4522 | Temple   | Entered the Ecumenical Temple
  4637 | Temple   | Became a worshipper of Trog the Wrathful
  4822 | D:5      | Found a shadowy altar of Dithmenos.
  5095 | D:6      | Reached skill level 9 in Axes
  5249 | D:6      | Reached XP level 9. HP: 73/79 MP: 8/8
  6362 | D:7      | Found a glowing silver altar of Zin.
  6475 | D:8      | Noticed a troll
  6564 | D:8      | Reached skill level 10 in Axes
  6571 | D:8      | Killed a troll
  6869 | D:8      | Found Ezuru's Antique Armour Shop.
  6910 | D:8      | Found a staircase to the Lair.
  6928 | D:8      | Reached * piety under Trog
  7247 | D:8      | Found Keunynlo's Weapon Emporium.
  7332 | D:8      | Found a roughly hewn altar of Beogh.
  7688 | D:8      | Noticed a two-headed ogre
  7699 | D:8      | Killed a two-headed ogre
  7699 | D:8      | Reached ** piety under Trog
  7699 | D:8      | Reached skill level 11 in Axes
  7699 | D:8      | Reached XP level 10. HP: 48/90 MP: 9/9
  8188 | D:8      | Found Koryonav's Distillery.
  8202 | D:8      | Found a glowing golden altar of the Shining One.
  8212 | D:8      | Found Siclyfugh's Gadget Emporium.
  8354 | D:8      | Found an iron altar of Okawaru.
  8503 | Lair:1   | Entered Level 1 of the Lair of Beasts
  8598 | D:9      | Found a sparkling altar of Nemelex Xobeh.
  8612 | D:9      | Found Qenn's Antique Weapon Shoppe.
  8711 | D:9      | Found an ornate altar of the Wu Jian Council.
  8764 | D:9      | Found a blossoming altar of Fedhas.
  8906 | D:9      | Found a hazy altar of Hepliaklqana.
  8934 | D:9      | Reached skill level 12 in Axes
  9179 | D:9      | Found a staircase to the Orcish Mines.
  9453 | D:9      | Reached *** piety under Trog
  9504 | D:10     | Entered Level 10 of the Dungeon
  9504 | D:10     | Noticed a two-headed ogre
  9519 | D:9      | Killed a two-headed ogre
  9782 | D:10     | Killed an unseen horror
  9782 | D:10     | Reached XP level 11. HP: 94/99 MP: 10/10
  9988 | D:10     | Reached skill level 10 in Fighting
  9999 | D:10     | Got a warped whip
 10155 | D:10     | Identified the +6 whip "Gimaxam" {flame, SInv} (You found it on level 10 of the Dungeon)
 10260 | D:10     | Reached skill level 10 in Armour
 10275 | D:10     | Reached skill level 13 in Axes
 10319 | D:10     | Noticed Harold
 10332 | D:10     | Killed Harold
 10332 | D:10     | Reached skill level 10 in Shields
 10717 | D:10     | Got an emerald-encrusted scale mail
 10761 | D:10     | Identified the cursed +1 scale mail "Cealeq" {Slay+2} (You found it on level 10 of the Dungeon)
 11082 | D:11     | Found a transporter.
 11089 | D:11     | Found a viscous altar of Jiyva.
 11168 | D:11     | Found a transporter.
 11183 | D:11     | Slain by a slime creature

Vault maps used:
D:1:      minmay_arrival_radiant_lines, minmay_misc_feat_chi
D:2:      minmay_randomly_rotated_circles
D:3:      first_ration, lexackson_kobold_supper
D:4:      uniq_blork_the_orc, uniq_sigmund, uniq_crazy_yiuf_cottage,
          uniq_eustachio
D:5:      kennysheep_mini_moat, lemuel_temple_firewalk_a, gup_sewer_entry_bowl
D:6:      st_stairs_1
D:7:      zin_statuary
D:8:      marbit_many_paths, erik_lair_island, special_room, basic_altar,
          serial_shops, nicolae_shop_statue_plus,
          nicolae_shop_temple_entry_statues_fountains, shop_fountains, shop
D:9:      kennysheep_mini, nemelex_xobeh_ov_fountains_minmay,
          old_standard_altar, lemuel_round_altar, orc_0_dummy, serial_shops,
          nicolae_shop_trees
D:10:     uniq_harold
D:11:     gammafunk_jiyva_shrine, serial_shops, shop_scrolls,
          ebering_ghost_reflecting_pool
Temple:   regret_index_temple_generic_petals
Lair:1:   grunt_megastairs_5, serial_bayou_shore_b
Sewer:    kennysheep_door_sewer

Skill      XL: |  1  2  3  4  5  6  7  8  9 10 11 |
---------------+----------------------------------+-----
Axes           | 3 4 5 6 7 9 11 12 13 | 13.4
Fighting       | 4 5 6 7 8 9 10 | 10.3
Armour         | 4 5 6 7 8 9 10 | 10.3
Shields        | 4 5 6 7 8 9 10 | 10.2

Action                   |  1- 3 |  4- 6 |  7- 9 | 10-12 || total
-------------------------+-------+-------+-------+-------++-------
Melee: War axe           |   122 |   180 |    99 |       ||   401
       Headbutt          |    11 |    37 |    80 |    80 ||   208
       Flail             |       |    14 |     4 |       ||    18
       Mace              |       |       |   192 |   216 ||   408
       Hand axe          |       |       |    73 |       ||    73
       Whip              |       |       |       |   133 ||   133
  Use: Scroll            |     2 |     7 |     6 |     4 ||    19
  Eat: Chunk             |     1 |     7 |    28 |    16 ||    52
Armor: Scale mail        |    47 |     3 |       |       ||    50
       Plate armour      |       |   123 |   217 |   138 ||   478
Dodge: Dodged            |    30 |    28 |    73 |    48 ||   179
Block: Shield            |    75 |   125 |   223 |   217 ||   640

Table legend:
 A = Spawn XP
 B = Non-spawn XP
 C = Spawn XP percentage of total XP
 D = Spawn monster count
 E = Non-spawn monster count
 F = Spawn count percentage of total count
 G = Total turns spent on level
                    A         B        C        D         E        F      G
               +---------+---------+-------+---------+---------+-------+---------
         Total |       0 |   15028 |   0.0 |       0 |     291 |   0.0 | 11183
               +---------+---------+-------+---------+---------+-------+---------
           D:1 |       0 |      59 |   0.0 |       0 |      31 |   0.0 |   878
           D:2 |       0 |     110 |   0.0 |       0 |      26 |   0.0 |   808
           D:3 |       0 |     309 |   0.0 |       0 |      35 |   0.0 |   750
           D:4 |       0 |    1300 |   0.0 |       0 |      33 |   0.0 |  1243
           D:5 |       0 |     435 |   0.0 |       0 |      18 |   0.0 |  1093
           D:6 |       0 |     830 |   0.0 |       0 |      17 |   0.0 |   690
           D:7 |       0 |     444 |   0.0 |       0 |       4 |   0.0 |   773
           D:8 |       0 |    2889 |   0.0 |       0 |      47 |   0.0 |  2028
           D:9 |       0 |    4037 |   0.0 |       0 |      37 |   0.0 |  1179
          D:10 |       0 |    2874 |   0.0 |       0 |      20 |   0.0 |  1083
          D:11 |       0 |    1595 |   0.0 |       0 |      17 |   0.0 |   364
         Sewer |       0 |     146 |   0.0 |       0 |       6 |   0.0 |   136
               +---------+---------+-------+---------+---------+-------+---------
